 Dungeon Crawl Stone Soup version 0.18.1-6-gd335043 (webtiles) character file.

71597 oplop the Bewitcher (level 14, -15/118 HPs)
             Began as a Vampire Enchanter on May 20, 2016.
             Was the Champion of Dithmenos.
             Killed from afar by Azrael (36 damage)
             ... with damnation
             ... on level 14 of the Dungeon.
             The game lasted 01:20:25 (21985 turns).

oplop the Bewitcher (Vampire Enchanter)            Turns: 21985, Time: 01:20:26

Health: -15/118    AC:  7    Str: 15    XL:     14   Next: 98%
Magic:  18/24      EV: 23    Int: 19    God:    Dithmenos [******]
Gold:   1413       SH:  5    Dex: 18    Spells: 7 memorised, 7 levels left

rFire  + . .     SeeInvis +     h - +4 rapier (venom)
rCold  + + .     Gourm    .     H - +0 robe of Exclusion {*Drain rF+ rN+ rCorr}
rNeg   + + +     Faith    .     n - +0 buckler
rPois  ∞         Spirit   .     D - +1 hat
rElec  .         Dismiss  .     U - +0 cloak
rCorr  +         Reflect  .     I - +2 pair of gloves
SustAt .         Harm     .     (no boots)
MR     +....                    N - amulet "Siomn" {RegenMP Str+6}
Stlth  ++++++++++               j - +2 ring of strength
                                E - +1 ring of evasion

@: very slightly contaminated, bloodless, non-regenerating, wreathed by umbra,
invisible, somewhat resistant to hostile enchantments, uncannily stealthy
A: fangs 3, see invisible, low mp 1, poison resistance, robust 1, unbreathing,
no device heal 1
a: Bat Form, Shadow Step, Shadow Form, Renounce Religion


You were on level 14 of the Dungeon.
You worshipped Dithmenos.
Dithmenos was exalted by your worship.
You were bloodless.

You visited 3 branches of the dungeon, and saw 23 of its levels.
You also visited: Labyrinth and Ossuary.

You collected 1413 gold pieces.

Inventory:

Hand Weapons
 a - the +3 rapier of Abomination {pain, rPois MR+ Dex+4}
   (You found it in a labyrinth)

   In the hands of one skilled in necromantic magic, it inflicts extra damage on
   living creatures.
   It affects your dexterity (+4).
   It protects you from poison.
   It affects your resistance to hostile enchantments.
 h - a +4 rapier of venom (weapon)
 p - the +6 scimitar of Flaming Death {sticky flame, rPois rF++ rC- MR+}
   (You found it in a labyrinth)

   It has been specially enchanted to burn those struck by it, causing extra
   injury to most foes and up to half again as much damage against particularly
   susceptible opponents.
   Big, fiery blades are also staple armaments of hydra-hunters.
   It greatly protects you from fire.
   It makes you vulnerable to cold.
   It protects you from poison.
   It affects your resistance to hostile enchantments.
   Dithmenos disapproves of the use of such an item.
Missiles
 x - 15 throwing nets (quivered)
 F - 3 needles of confusion
Armour
 n - a +0 buckler (worn)
 D - a +1 hat (worn)
 H - the +0 robe of Exclusion (worn) {*Drain rF+ rN+ rCorr}
   (You found it on level 5 of the Lair of Beasts)

   It protects you from fire.
   It protects you from negative energy.
   It protects you from acid and corrosion.
   It causes draining when unequipped.
 I - a +2 pair of gloves (worn)
 U - a +0 cloak (worn)
Jewellery
 j - a +2 ring of strength (right hand)
 E - a +1 ring of evasion (left hand)
 N - the amulet "Siomn" (around neck) {RegenMP Str+6}
   (You found it on level 11 of the Dungeon)

   [amulet of magic regeneration]

   It increases your magic regeneration.
   It affects your strength (+6).
Wands
 f - a wand of disintegration (12/24)
 B - a wand of polymorph (13/24)
 K - a wand of enslavement (24/24)
 Z - a wand of teleportation (3/9)
Scrolls
 e - 3 scrolls of amnesia
 g - 7 scrolls of recharging
 i - 2 scrolls of teleportation
 k - a scroll of fear
 m - 3 scrolls of remove curse
 q - 4 scrolls of fog
 u - 5 scrolls of enchant weapon
 z - 2 scrolls of identify
 C - 4 scrolls of enchant armour
 J - a scroll of summoning
 Q - a scroll of magic mapping
Potions
 d - 31 potions of blood
 l - 4 potions of brilliance
 o - a potion of agility
 r - a potion of heal wounds
 s - 4 potions of haste
 v - 2 potions of berserk rage
 w - 12 potions of curing
 A - 2 potions of magic
 O - 4 potions of ambrosia
 P - 4 potions of might
 S - 2 potions of resistance
 V - a potion of flight
 W - a potion of invisibility
Books
 b - a book of the Tempests

   Spells                             Type                      Level
   a - Static Discharge               Conjuration/Air              3
   b - Lightning Bolt                 Conjuration/Air              5
   c - Fireball                       Conjuration/Fire             5
   d - Tornado                        Air                          9
   e - Shatter                        Earth                        9
 c - a book of Maledictions

   Spells                             Type                      Level
   a - Corona                         Hexes                        1
   b - Ensorcelled Hibernation        Hexes/Ice                    2
   c - Confuse                        Hexes                        3
   d - Tukima's Dance                 Hexes                        3
   e - Dazzling Spray                 Conjuration/Hexes            3
 y - a book of Burglary

   Spells                             Type                      Level
   a - Swiftness                      Charms/Air                   2
   b - Passwall                       Transmutation/Earth          2
   c - Passage of Golubria            Translocation                4
   d - Lee's Rapid Deconstruction     Earth                        5
   e - Darkness                       Hexes                        6
   f - Invisibility                   Hexes                        6
 M - an Akashic Record

   Spells                             Type                      Level
   a - Dispersal                      Translocation                6
   b - Malign Gateway                 Summoning/Translocation      7
   c - Disjunction                    Translocation                8
   d - Controlled Blink               Translocation                8
 R - a book of Enchantments

   Spells                             Type                      Level
   a - Cause Fear                     Hexes                        4
   b - Yara's Violent Unravelling     Hexes/Transmutation          5
   c - Silence                        Hexes/Air                    5
   d - Deflect Missiles               Charms/Air                   6
   e - Haste                          Charms                       6
   f - Discord                        Hexes                        8
 T - a book of Transfigurations

   Spells                             Type                      Level
   a - Irradiate                      Conjuration/Transmutation    5
   b - Statue Form                    Transmutation/Earth          6
   c - Hydra Form                     Transmutation                6
   d - Dragon Form                    Transmutation                7
 X - the Collected Works on Evil Magic and the Compass
   (You found it in a labyrinth)

   Spells                             Type                      Level
   a - Corpse Rot                     Necromancy                   2
   b - Recall                         Summoning/Translocation      3
   c - Animate Dead                   Necromancy                   4
   d - Excruciating Wounds            Charms/Necromancy            5
   e - Bolt of Draining               Conjuration/Necromancy       5
 Y - a book of Changes

   Spells                             Type                      Level
   a - Beastly Appendage              Transmutation                1
   b - Sticks to Snakes               Transmutation                2
   c - Spider Form                    Transmutation/Poison         3
   d - Ice Form                       Ice/Transmutation            4
   e - Blade Hands                    Transmutation                5


   Skills:
 - Level 9.2 Fighting
 - Level 10.3 Short Blades
 - Level 5.0 Throwing
 - Level 11.9 Dodging
 - Level 13.4 Stealth
 - Level 4.3 Shields
 - Level 9.0 Spellcasting
 * Level 16.9 Hexes
 * Level 5.7 Charms
 * Level 5.6 Air Magic


You had 7 spell levels left.
You knew the following spells:

 Your Spells              Type           Power        Failure   Level  Hunger
a - Invisibility          Hex            ######..     1%          6    ######.
b - Ensorcelled Hibernat  Hex/Ice        #####.       1%          2    None
c - Confuse               Hex            ######..     1%          3    None
d - Tukima's Dance        Hex            ######..     1%          3    None
e - Dazzling Spray        Conj/Hex       #####...     1%          3    None
f - Deflect Missiles      Chrm/Air       ####......   97%         6    ######.
g - Apportation           Tloc           #.........   10%         1    None


Dungeon Overview and Level Annotations

Branches:
Dungeon (14/15)            Temple (1/1) D:6            Lair (8/8) D:10
 Shoals (0/4) Lair:5        Snake (0/4) Lair:3        Slime (0/6) Lair:7
    Orc (0/2) D:12         Vaults (0/5) D:13

Altars:
Ashenzari
Cheibriados
Dithmenos
Elyvilon
Fedhas
Gozag
Kikubaaqudgha
Makhleb
Nemelex Xobeh
Okawaru
Pakellas
Qazlal
Ru
Sif Muna
Trog
Vehumet
Xom
Yredelemnul
Zin
The Shining One
Lugonu

Shops:
D:12 *

Annotations:
D:4 Zebulonius's ghost, amateur MiBe
D:11 exclusion: oklob plant
D:14 Azrael
Lair:1 exclusion: 2 oklob plants
Lair:7 exclusion: ice statue


Innate Abilities, Weirdness & Mutations

You do not heal naturally.
You are immune to poison.
You have razor-sharp teeth.
You have supernaturally acute eyesight.
You can survive without breathing.
Your magical capacity is low (-10% MP).
Your system is resistant to poisons.
You are robust (+10% HP).
Potions and wands are less effective at restoring your health.


Message History

You feel better.
You feel slightly less thirsty.
You impale the deep elf mage!!
The deep elf mage is poisoned.
The deep elf mage is severely wounded.
Your shadow barely misses the deep elf mage.
You hit the deep elf mage.
The deep elf mage looks even sicker.
The deep elf mage is severely wounded.
Azrael gestures at you.
The fireball explodes!
The fireball engulfs you! You resist.
* * * LOW HITPOINT WARNING * * *
The fireball engulfs the deep elf mage.
The deep elf mage dies!
You hear an angry hiss.
Azrael completely misses you.
You hit Azrael but do no damage.
Azrael is lightly wounded.
You hit Azrael.
Azrael is lightly wounded.
Azrael gestures at you.
The damnation unfurls!
The damnation engulfs you!
You die...

.# ..##### #.....)..
#........
.########.....$..
.................
.................
......R@........#
.......§.)...##
.######.†....#
#.:....# #......#
#......#
'......###########
##.................
...............#####


You could see Azrael.

Vanquished Creatures
  Frances (D:13)
  Kirke (D:14)
  A minotaur (Lab)
  A fire dragon (Lair:8)
  Harold (D:11)
  6 hydras
  A centaur warrior (D:13)
  A queen ant (D:13)
  2 slime creatures (D:13)
  A wizard (D:13)
  An unseen horror (D:13)
  A lindwurm (Lair:8)
  4 hill giants
  The ghost of zeroDi the Covert, a novice VSAs of Okawaru (D:9)
  3 necromancers (D:13)
  3 ugly things
  A griffon (Lair:7)
  6 cyclopes
  12 elephants
  A manticore (D:11)
  5 black mambas
  2 torpor snails
  A gargoyle (D:12)
  11 spiny frogs
  5 rime drakes
  9 komodo dragons
  2 trolls
  8 polar bears
  A two-headed ogre (D:11)
  Grinder (D:5)
  3 boulder beetles
  A giant leech (Lair:8)
  17 blink frogs
  Sigmund (D:3)
  24 yaks
  2 wyverns
  2 shadows
  A spriggan (D:9)
  A fire elemental (D:14)
  3 hungry ghosts
  4 basilisks
  19 humans (D:13)
  18 hippogriffs
  2 steam dragons (Lair:8)
  4 wargs (D:12)
  3 mottled dragons
  16 water moccasins
  8 soldier ants (D:13)
  Duvessa (D:6)
  3 hell hounds (D:14)
  6 porcupines
  4 sky beasts
  4 orc warriors
  14 ice beasts
  4 phantoms
  5 ogres
  A swamp drake (Lair:8)
  An eye of draining (Lair:7)
  25 wolves
  9 centaurs
  12 crocodiles
  20 big kobolds
  3 gnoll sergeants
  14 giant frogs
  A wyvern zombie (D:6)
  Dowan (D:6)
  A wyvern skeleton (D:14)
  10 scorpions
  12 killer bees
  4 crimson imps
  4 howler monkeys
  6 centaur zombies
  2 giant frog skeletons
  10 hounds
  A jelly (D:12)
  5 quasits
  14 orc priests
  5 centaur skeletons
  10 iguanas
  23 orc wizards
  25 worker ants
  A killer bee zombie (D:11)
  14 sheep
  4 big kobold zombies (Ossuary)
  6 mummies (Ossuary)
  A worker ant zombie (D:9)
  A howler monkey skeleton (D:4)
  17 gnolls
  20 adders
  29 river rats
  5 shadow imps
  A white imp (Lair:7)
  2 adder zombies (D:7)
  4 worms
  6 giant geckos
  57 orcs
  2 ball pythons
  5 bats
  A bat zombie (D:3)
  8 giant cockroaches
  6 goblins
  9 hobgoblins
  12 jackals
  8 quokkas
  7 giant newts
  4 hobgoblin zombies (Ossuary)
  20 kobolds
  A quokka skeleton (D:5)
  11 rats
  2 rat zombies (D:3)
  A fungus (Lair:8)
748 creatures vanquished.

Vanquished Creatures (collateral kills)
  2 vault guards (D:13)
  A two-headed ogre (D:10)
  An orc warrior (D:10)
  An ice beast (D:9)
  2 gnolls (D:10)
7 creatures vanquished.

Vanquished Creatures (others)
  A deep elf mage (D:14)
  A dancing weapon (D:11)
  A basilisk (Lair:8)
  A fire elemental (D:14)
  A human (D:14)
  2 sheep
  2 kobolds (D:12)
  7 fungi
  2 plants (Lair:8)
18 creatures vanquished.

Grand Total: 773 creatures vanquished

Notes
Turn   | Place    | Note
--------------------------------------------------------------
     0 | D:1      | oplop the Vampire Enchanter began the quest for the Orb.
     0 | D:1      | Reached XP level 1. HP: 13/13 MP: 3/3
    66 | D:1      | Reached XP level 2. HP: 12/19 MP: 5/5
   223 | D:1      | Reached skill level 5 in Hexes
   543 | D:1      | Reached skill level 5 in Stealth
   915 | D:2      | Learned a level 2 spell: Ensorcelled Hibernation
   924 | D:2      | Reached XP level 3. HP: 23/24 MP: 4/6
   935 | D:2      | Found a deep blue altar of Sif Muna.
   963 | D:2      | Found a burning altar of Makhleb.
   963 | D:2      | Found a glowing golden altar of the Shining One.
  1293 | D:2      | Reached XP level 4. HP: 29/30 MP: 3/8
  1626 | D:3      | Reached skill level 6 in Hexes
  1977 | D:3      | Noticed Sigmund
  1990 | D:3      | Killed Sigmund
  1990 | D:3      | Reached skill level 7 in Hexes
  1990 | D:3      | Reached XP level 5. HP: 35/35 MP: 4/10
  1996 | D:3      | Learned a level 3 spell: Confuse
  2018 | D:3      | Found a bloodstained altar of Trog.
  2020 | D:3      | Found an oddly glowing altar of Pakellas.
  2200 | D:3      | Reached XP level 6. HP: 38/41 MP: 11/11
  2207 | D:3      | Found an ancient bone altar of Kikubaaqudgha.
  2430 | D:4      | Noticed Zebulonius's ghost (amateur MiBe)
  3152 | D:4      | Reached XP level 7. HP: 21/46 MP: 6/13
  3446 | D:5      | Entered Level 5 of the Dungeon
  3457 | D:5      | Reached skill level 8 in Hexes
  3462 | D:5      | Found a shimmering altar of Xom.
  3545 | D:5      | Found a deep blue altar of Sif Muna.
  3969 | D:5      | Found an opulent altar of Gozag.
  4105 | D:5      | Found a sacrificial altar of Ru.
  4132 | D:5      | Reached XP level 8. HP: 32/52 MP: 10/14
  4198 | D:5      | Learned a level 3 spell: Tukima's Dance
  4202 | D:5      | Learned a level 3 spell: Dazzling Spray
  4275 | D:5      | Noticed Grinder
  4285 | D:5      | Killed Grinder
  4285 | D:5      | Reached skill level 9 in Hexes
  4777 | D:5      | Reached skill level 5 in Spellcasting
  5291 | D:6      | Reached skill level 5 in Dodging
  5403 | D:6      | Reached XP level 9. HP: 15/57 MP: 7/16
  5461 | D:6      | Reached skill level 5 in Short Blades
  5476 | D:6      | Found a white marble altar of Elyvilon.
  5542 | D:6      | Noticed Duvessa
  5542 | D:6      | Noticed Dowan
  5550 | D:6      | Killed Duvessa
  5550 | D:6      | Reached skill level 10 in Stealth
  5962 | D:6      | Killed Dowan
  6156 | D:6      | Found a staircase to the Ecumenical Temple.
  6176 | Temple   | Entered the Ecumenical Temple
  6331 | D:7      | Reached skill level 10 in Hexes
  6530 | D:7      | Reached skill level 1 in Fighting
  6675 | D:7      | Found a shadowy altar of Dithmenos.
  6678 | D:7      | Became a worshipper of Dithmenos the Shadowed
  6718 | D:7      | Found a sand-covered staircase.
  6723 | Ossuary  | Entered an ossuary
  6740 | Ossuary  | namelastname112: выебут
  6746 | Ossuary  | namelastname112: тут ловушки с сетками по идее
  6756 | Ossuary  | HP: 2/59 [mummy (1)]
  6965 | Ossuary  | oplop: угу
  6965 | Ossuary  | oplop: МНОГО
  7028 | Ossuary  | oplop: и эти пидоры их рвут
  7200 | Ossuary  | namelastname112: походи тут
  7222 | Ossuary  | namelastname112: поищи ловушки
  7229 | Ossuary  | namelastname112: лел
  7229 | Ossuary  | oplop: уже всюду походил
  7231 | Ossuary  | namelastname112: 15 сеток
  7239 | Ossuary  | namelastname112: пиздец
  7521 | D:8      | Found a glowing silver altar of Zin.
  7724 | D:8      | Reached skill level 1 in Throwing
  7998 | D:8      | Found a snail-covered altar of Cheibriados.
  8093 | D:8      | Reached * piety under Dithmenos
  8290 | D:8      | Reached XP level 10. HP: 70/70 MP: 9/18
  8644 | D:9      | Noticed a hill giant
  8673 | D:9      | Killed a hill giant
  8821 | D:9      | Noticed zeroDi's ghost (novice VSAs)
  8980 | D:9      | Reached ** piety under Dithmenos
  9046 | D:9      | Killed zeroDi's ghost
  9441 | D:8      | oplop: забеги между лестницами, бля
  9484 | D:9      | Found a stormy altar of Qazlal.
  9553 | D:9      | Reached skill level 5 in Fighting
  9573 | D:9      | namelastname112: а прикинь
  9573 | D:9      | oplop: ??howler monkey
  9573 | D:9      | beem: howler monkey[1/1]: As fast as an adder, but pretty weak in melee. Most notable feature is a "spell" that acts like a scroll of noise on a breath timer...
  9573 | D:9      | oplop: @??howler monkey
  9573 | D:9      | beem: howler monkey (h)
                  | Spd:
    12 | HD: 3    | HP: 15-23
                  | AC/EV: 1/11
                  | Dam: 3, 2
                  | doors
                  | Res: magic(10)
                  | XP: 54
                  | Sp: warning cry [!AM, breath]
                  | Sz: small
                  | Int: animal.
  9573 | D:9      | namelastname112: если в какой-нибудь версии введут фичу
  9632 | D:9      | namelastname112: что мобы за тобой все равно следуют по лестнице
  9638 | D:9      | oplop: не введут
  9638 | D:9      | oplop: таверна бомбанет
  9748 | D:10     | Entered Level 10 of the Dungeon
  9955 | D:10     | oplop: смотри какая коллекция кухонных ножей
  9955 | D:10     | oplop: ни одного с его
  9955 | D:10     | oplop: пиздец
  9955 | D:10     | namelastname112: лел
  9955 | D:10     | namelastname112: кстати
  9955 | D:10     | namelastname112: че к дису-то пошел
  9955 | D:10     | oplop: ну гозаг слишком хоркор
  9955 | D:10     | oplop: с аше уже пробовал
 10025 | D:10     | oplop: напомни, сингулярность в стабильной версии была?
 10025 | D:10     | oplop: или только в транке?
 10057 | D:10     | oplop: ??Singularity
 10057 | D:10     | beem: singularity[1/1]: Level 9 Translocations. Places a monster like Fulminant Prism that draws creatures that are within its radius closer to itself, pulls harder the closer they are, and deals damage to creatures that are sufficiently close. Lasts ~6-8 turns, dependent on power. Doesn't warp allies. Removed in 0.17.
 10057 | D:10     | namelastname112: 0.16
 10057 | D:10     | oplop: была
 10057 | D:10     | oplop: бля, охуенный спелл
 10227 | D:10     | Reached XP level 11. HP: 71/80 MP: 10/19
 10318 | D:10     | Reached *** piety under Dithmenos
 10322 | D:10     | namelastname112: а то
 10338 | D:10     | namelastname112: она вообще нахуй поломанная
 10369 | D:10     | Found a staircase to the Lair.
 10400 | D:10     | oplop: чёйто
 10670 | D:10     | namelastname112: ну она ооф с одного каста убивала
 10687 | D:10     | oplop: ну и норм
 10687 | D:10     | oplop: так им и надо
 10997 | D:11     | Got a twitching platinum amulet
 11011 | D:11     | Noticed Harold
 11020 | D:11     | namelastname112: вот я хз, застал ты или нет
 11058 | D:10     | namelastname112: но в транке 0.18 был охуительный итем
 11164 | D:11     | namelastname112: шахматы ксома
 11195 | D:10     | namelastname112: 10/10 было
 11209 | D:10     | namelastname112: жаль, что убрали
 11267 | D:10     | namelastname112: и что в стабилку не попал
 11267 | D:10     | oplop: видел название
 11267 | D:10     | oplop: но я в транк 18 не играл
 11326 | D:11     | oplop: ??xom chestpieces
 11326 | D:11     | beem: xom chestpieces ~ xom chesspiece ~ piece from xom's chessboard[1/3]: Evoke to {rearrange the pieces}, maybe. Has a chance (depending on evocations skill) of incurring Xom's wrath or disappearing. Added and removed in 0.18.
 11326 | D:11     | oplop: ??xom chestpieces[2
 11326 | D:11     | beem: xom chestpieces ~ xom chesspiece ~ piece from xom's chessboard[2/3]: Usage Notes: Confusion ignores MR (can confuse greater mummies, etc.) Teleport ignores -Tele (can teleport and confuse Oklobs, Roxanne, etc.)
 11326 | D:11     | oplop: ??xom chestpieces[3
 11326 | D:11     | beem: xom chestpieces ~ xom chesspiece ~ piece from xom's chessboard[3/3]: https://imgur.com/rmHOuiA
 11326 | D:11     | namelastname112: эта хуйня конфузила вообще все
 11326 | D:11     | oplop: в чем соль картинки?
 11326 | D:11     | namelastname112: оофы, панлорды, танцующее оружие
 11326 | D:11     | oplop: s
 11326 | D:11     | oplop: хы
 11326 | D:11     | oplop: надолго?
 11371 | D:11     | Found a blossoming altar of Fedhas.
 11381 | D:11     | namelastname112: надолго
 11382 | D:11     | Noticed an oklob plant
 11471 | D:11     | namelastname112: соль картинки
 11498 | D:11     | namelastname112: он эвокнул хуево
 11500 | D:11     | namelastname112: видишь там гигант конфузнутый
 11500 | D:11     | namelastname112: его с ним местами поменяло
 11500 | D:11     | namelastname112: и конфузнуло
 11500 | D:11     | oplop: ясно
 11500 | D:11     | oplop: шахматы одноразовые были?
 11594 | Lair:1   | Entered Level 1 of the Lair of Beasts
 11595 | Lair:1   | namelastname112: нет
 11595 | Lair:1   | Identified the amulet "Siomn" {RegenMP Str+6} (You found it on level 11 of the Dungeon)
 11696 | Lair:1   | Noticed an oklob plant
 11696 | Lair:1   | Noticed an oklob plant
 11697 | Lair:1   | namelastname112: они имели шанс пропасть навсегда или ксом мог чето сделать
 11698 | Lair:1   | namelastname112: обмутировать тебя там
 11707 | Lair:1   | namelastname112: такое
 11722 | Lair:1   | oplop: а, ясн
 11731 | Lair:1   | Reached skill level 5 in Throwing
 11732 | Lair:1   | namelastname112: но при высоких эвоках это не особо волновало
 11754 | Lair:1   | Reached **** piety under Dithmenos
 11770 | Lair:1   | oplop: ммммм
 11770 | Lair:1   | oplop: дискордец
 11770 | Lair:1   | oplop: хексы качать только заебуся
 12329 | Lair:1   | oplop: Охуенная лестница
 12329 | Lair:1   | oplop: 10 из 10
 12563 | Lair:2   | Reached skill level 1 in Shields
 13467 | Lair:3   | Found a staircase to the Snake Pit.
 13537 | Lair:3   | Reached XP level 12. HP: 89/89 MP: 11/21
 13798 | Lair:4   | Noticed a seven-headed hydra
 13801 | Lair:4   | Killed a seven-headed hydra
 13839 | Lair:4   | Reached skill level 11 in Hexes
 13846 | Lair:4   | Reached skill level 10 in Dodging
 13993 | Lair:4   | Got a colourful robe
 14004 | Lair:4   | Identified the cursed +0 robe of Oseq {rF+} (You found it on level 4 of the Lair of Beasts)
 14045 | Lair:4   | Reached ***** piety under Dithmenos
 14074 | Lair:4   | Noticed an eight-headed hydra
 14081 | Lair:4   | Killed an eight-headed hydra
 14208 | Lair:4   | Reached skill level 10 in Short Blades
 14450 | Lair:4   | Gained mutation: You are robust (+10% HP). [potion of mutation]
 14450 | Lair:4   | Gained mutation: Your system is resistant to poisons. [potion of mutation]
 14450 | Lair:4   | Gained mutation: Your magical capacity is low (-10% MP). [potion of mutation]
 14785 | Lair:5   | Found a staircase to the Shoals.
 14927 | Lair:5   | Gained mutation: Potions and wands are less effective at restoring your health. [potion of mutation]
 14928 | Lair:5   | namelastname112: уууу
 15017 | Lair:5   | namelastname112: охуенная книжечка
 15019 | Lair:5   | namelastname112: одна из моих любимых
 15019 | Lair:5   | oplop: какая:?
 15019 | Lair:5   | oplop: домушника?
 15022 | Lair:5   | namelastname112: бурглари
 15087 | Lair:5   | Learned a level 6 spell: Invisibility
 15134 | Lair:5   | Got a bloodstained robe
 15135 | Lair:5   | Identified the +0 robe of Exclusion {*Drain rF+ rN+ rCorr} (You found it on level 5 of the Lair of Beasts)
 15136 | Lair:5   | oplop: ммм
 15136 | Lair:5   | oplop: потянет
 15146 | Lair:5   | namelastname112: инвизик
 15146 | Lair:5   | namelastname112: пог
 15586 | Lair:6   | Reached skill level 12 in Hexes
 15809 | Lair:6   | Reached XP level 13. HP: 107/107 MP: 22/22
 16430 | Lair:7   | oplop: лол блядь
 16430 | Lair:7   | Wingboner: Eye of defenestration.
 16430 | Lair:7   | oplop: шейпшифтер чтоле?
 16430 | Lair:7   | oplop: привет
 16432 | Lair:7   | namelastname112: не
 16447 | Lair:7   | namelastname112: из слаймов пришел
 16460 | Lair:7   | namelastname112: погулять
 16682 | Lair:7   | Reached skill level 13 in Hexes
 16724 | Lair:8   | Entered Level 8 of the Lair of Beasts
 16793 | Lair:8   | Wingboner: И тебе поздорову.
 16985 | Lair:8   | Wingboner: Хотел пойти пейзаж пофотографировать в лунном свете, а внезапно дождь.
 17070 | Lair:8   | Wingboner: Теперь сижу страдаю всяческой фигнёй.
 17103 | Lair:8   | Noticed a fire dragon
 17115 | Lair:8   | Killed a fire dragon
 17222 | Lair:8   | oplop: вынеси орб
 17222 | Lair:8   | oplop: или надоело уже?
 17851 | Lair:8   | Reached skill level 14 in Hexes
 17870 | Lair:8   | Wingboner: Вынесу. Сейчас закончу писать сраный инвойс и вынесу, на ачивку аметиста.
 17870 | Lair:8   | oplop: Хы
 17870 | Lair:8   | oplop: меня вот это прикололо
 17870 | Lair:8   | oplop: http://i.imgur.com/U8WUsKd.png
 17870 | Lair:8   | oplop: вын с ксомом больше всего очков дал, лол
 17924 | Lair:8   | Got a translucent iron amulet
 17926 | Lair:8   | Identified the amulet "Qogemp" {Gourm *Corrode MR+++ Int+5} (You found it on level 8 of the Lair of Beasts)
 17927 | Lair:8   | oplop: лол блин
 17927 | Lair:8   | oplop: вот это амулеты
 17927 | Lair:8   | oplop: rCorr от *Corr спасает?
 17927 | Lair:8   | namelastname112: неа
 17927 | Lair:8   | oplop: тогда е судьба пока
 17927 | Lair:8   | oplop: 0 армора эжто дно
 18025 | Lair:8   | Wingboner: А 4 типа не дно.
 18114 | Lair:8   | oplop: 4 - ПРИДОНЬЕ
 18263 | Lair:7   | Found a staircase to the Slime Pits.
 18271 | Lair:7   | oplop: а что ты мне предлагаешь?
 18401 | Lair:7   | Wingboner: !lg . tournament milestone=mollified_Dithmenos.
 18406 | Lair:7   | beem: Unknown field: milestone
 18410 | Lair:7   | Wingboner: !lm . tournament milestone=mollified_Dithmenos.
 18415 | Lair:7   | beem: 1. [2016-05-10 20:36:28] Wingboner the Peltast (L26 VSEn of Cheibriados) mollified Dithmenos on turn 57939. (Depths:4)
 18420 | Lair:7   | Reached XP level 14. HP: 118/118 MP: 24/24
 18428 | Lair:7   | Wingboner: Это?
 18478 | Lair:6   | oplop: зачем?
 18599 | Lair:1   | Wingboner: Ну. ТАНКОВАТ.
 18735 | D:11     | oplop: у меня даже даггера нормального нет, какой армор
 18799 | D:11     | namelastname112: в орки зайди
 18812 | D:11     | Killed Harold
 18835 | D:11     | namelastname112: у тебя инвиз есть же
 18835 | D:11     | namelastname112: изи будет
 18840 | D:11     | Reached ****** piety under Dithmenos
 18976 | D:11     | namelastname112: бля, мне ады суммонером делать
 18992 | D:11     | namelastname112: ох чую больно будет
 19006 | D:11     | oplop: а в чем трабла?
 19045 | D:11     | namelastname112: долго очень
 19047 | D:11     | oplop: мне прост осуммонером играть - боль
 19123 | D:11     | Reached skill level 15 in Hexes
 19519 | D:12     | namelastname112: я вот когда суммонером в лейте играю
 19521 | D:11     | namelastname112: я не понимаю
 19521 | D:11     | namelastname112: что происходит
 19548 | D:12     | namelastname112: http://puu.sh/oZijw/086b3b66b7.png
 19549 | D:12     | oplop: гм
 19549 | D:12     | oplop: как тут в консоли разобраться, интересно
 19549 | D:12     | Wingboner: Проще.
 19549 | D:12     | Wingboner: Намного.
 19550 | D:12     | oplop: там фон у союзников другой?
 19553 | D:12     | Wingboner: Сейчас зайду к нему через консоль и покажу скрин.
 19661 | D:12     | Found Notur's Demolitions Depot.
 19673 | D:12     | Learned a level 6 spell: Deflect Missiles
 19686 | D:12     | Wingboner: http://i.imgur.com/DbTFbFu.png
 19717 | D:12     | Found a staircase to the Orcish Mines.
 19752 | D:12     | Reached skill level 1 in Air Magic
 19784 | D:12     | Found a labyrinth entrance.
 19804 | D:12     | Reached skill level 1 in Charms
 19823 | Lab      | Entered a labyrinth
 19824 | Lab      | oplop: ну да, фон другой
 20025 | Lab      | Wingboner: Что-то у меня мерфолк с +4 вампирической глефой от всего дохнет, а с +1 протовым бердышом всё уничтожает.
 20050 | Lab      | Wingboner: Вроде ж должно быть наоборот.
 20053 | Lab      | oplop: хыхы
 20230 | Lab      | Identified the Collected Works on Evil Magic and the Compass
 20231 | Lab      | oplop: цпа
 20231 | Lab      | oplop: хехе
 20244 | Lab      | Got a fine rapier
 20245 | Lab      | Identified the cursed +3 rapier of Abomination {pain, rPois MR+ Dex+4} (You found it in a labyrinth)
 20246 | Lab      | oplop: рапира боли
 20246 | Lab      | oplop: хз
 20252 | Lab      | oplop: эх
 20252 | Lab      | oplop: заебатый скимитар
 20252 | Lab      | Wingboner: Да.
 20254 | Lab      | Wingboner: Только запрещённый.
 20254 | Lab      | oplop: да
 20426 | D:12     | oplop: идёт вампир
 20426 | D:12     | oplop: видит, магазин горит
 20426 | D:12     | oplop: зашел в него и ...
 20426 | D:12     | oplop: петросянжпг
 20427 | D:12     | Wingboner: Ты хоть форму тени ляпнул бы, если резист нет.
 20435 | D:12     | oplop: есть 1 плюсик, орм
 20435 | D:12     | oplop: норм
 20990 | D:13     | Learned a level 1 spell: Apportation
 21035 | D:13     | Reached skill level 16 in Hexes
 21211 | D:13     | Found a gate to the Vaults.
 21483 | D:13     | Reached skill level 5 in Charms
 21540 | D:13     | Noticed Frances
 21550 | D:13     | Killed Frances
 21550 | D:13     | Reached skill level 5 in Air Magic
 21831 | D:14     | Noticed Kirke
 21840 | D:14     | Killed Kirke
 21964 | D:14     | Noticed Azrael
 21985 | D:14     | Killed from afar by Azrael

Skill      XL: |  1  2  3  4  5  6  7  8  9 10 11 12 13 14 |
---------------+-------------------------------------------+-----
Hexes          | 5 7 8 9 10 12 14 16 | 16.9
Stealth        | 5 6 7 8 9 10 11 13 | 13.4
Spellcasting   | 3 4 5 6 7 8 9 |  9.0
Short Blades   | 2 3 4 6 8 9 10 | 10.3
Dodging        | 3 5 6 8 9 10 11 | 11.9
Fighting       | 3 5 6 8 9 |  9.2
Throwing       | 1 4 5 |  5.0
Shields        | 2 4 |  4.3
Air Magic      | 5 |  5.6
Charms         | 5 |  5.7

Action                   |  1- 3 |  4- 6 |  7- 9 | 10-12 | 13-15 || total
-------------------------+-------+-------+-------+-------+-------++-------
Melee: Dagger            |   147 |   184 |   386 |   661 |   594 ||  1972
       Bite              |     6 |    18 |    45 |    58 |   127 ||   254
       Rapier            |       |       |    26 |       |   278 ||   304
Throw: Throwing net      |       |       |     3 |     5 |     1 ||     9
 Cast: Corona            |     7 |       |       |       |       ||     7
       Ensorcelled Hiber |     5 |    29 |    92 |   223 |    92 ||   441
       Confuse           |       |     4 |    46 |    41 |    48 ||   139
       Dazzling Spray    |       |       |     3 |    13 |    48 ||    64
       Tukima's Dance    |       |       |       |     8 |     4 ||    12
       Invisibility      |       |       |       |     1 |    13 ||    14
Invok: Shadow Step       |       |       |       |       |     1 ||     1
 Abil: End Transformatio |       |     2 |     7 |     6 |     6 ||    21
       Bat Form          |       |     2 |     7 |     6 |     6 ||    21
  Use: Potion            |     2 |       |    18 |     4 |     2 ||    26
       Scroll            |       |       |       |    24 |    12 ||    36
 Stab: Sleeping          |    20 |    28 |    77 |   190 |   104 ||   419
       Confused          |       |     2 |    28 |    22 |    37 ||    89
       Distracted        |       |       |     3 |     2 |     3 ||     8
       Held in net/web   |       |       |     2 |     3 |     1 ||     6
       Invisible         |       |       |     2 |    13 |    92 ||   107
       Petrifying        |       |       |       |       |     1 ||     1
Armor: Robe              |    40 |    46 |    59 |    40 |    43 ||   228
Dodge: Dodged            |   133 |   125 |   293 |   633 |   640 ||  1824
Block: Buckler           |       |       |       |     8 |   164 ||   172
